cohdb
Replays
Latest Replays
All Replays
Popular Replays
Top Player Replays
Match Explorer
How It Works
Community
CoH3 Stats
Reddit
Sign in to upload your games and track your stats! →
Sign in with Steam
Match 37065982
Unlisted
Match 37065982
Overview
Messages
Build Orders
End
Royal Engineer Section
Construct Section Command Post
Selects Heavy Armor Battlegroup
Infantry Section
Infantry Section
Infantry Section
Vickers Machine Gun Team
Construct Platoon Command Post
Selects Engineer Detachments
Humber Armored Car
Construct Field Infirmary
Construct Company Command Post
Hayesy
Friya
0
0
Comments
sign in to comment!
No comments posted yet!